 Dungeon Crawl Stone Soup version 0.32-a0-898-g7811c86cf0 (webtiles) character file.

Game seed: 5388981028832898752

36768 DEFE the Severer (level 13, -9/88 HPs)
             Began as a Coglin Fighter on Apr 4, 2024.
             Was a High Priest of Trog.
             Engulfed by a fire crab's flame (23 damage)
             ... on level 4 of the Lair of Beasts.
             The game lasted 00:17:28 (18077 turns).

DEFE the Severer (Coglin Fighter)                  Turns: 18077, Time: 00:17:29

Health: -9/88      AC: 27    Str: 21    XL:     13   Next: 92%
Magic:  13/13      EV:  7    Int: 11    God:    Trog [*****.]
Gold:   369        SH:  0    Dex: 20    Spells: 12/12 levels left

rFire   . . .        b - +2 hand axe (flame) {Yume}
rCold   . . .        c - +4 war axe {Anan}
rNeg    . . .        B - +6 chain mail of Beogh's Favour {Int+2 Dex+7}
rPois   .            K - +2 hat {Will+}
rElec   .            d - +2 cloak {Will+}
rCorr   .            J - +1 pair of gloves
SInv    .            F - +0 pair of boots
Will    ++...        (amulet unavailable) Stlth
                     (ring unavailable)
HPRegen 0.34/turn    (ring unavailable)
MPRegen 0.13/turn    (no gizmo)

%: no passive effects
@: revving
A: off-hand wielding, slow wielding, warmup strikes, no jewellery
a: Invent Gizmo, Renounce Religion, Berserk, Trog's Hand, Brothers in Arms


You were on level 4 of the Lair of Beasts.
You worshipped Trog.
Trog was extremely pleased with you.
You visited 2 branches of the dungeon, and saw 16 of its levels.
You also visited: Ossuary.

You collected 1013 gold pieces.
You spent 644 gold pieces at shops.

Inventory:

Hand Weapons
 a - a +5 hand axe
 b - a +2 hand axe of flaming (weapon) {Yume}
 c - a +4 war axe (offhand) {Anan}
 n - a +3 morningstar {Somchit}
Missiles
 j - 5 curare-tipped darts (quivered)
Armour
 d - a +2 cloak of willpower (worn)
 g - a +0 helmet
 B - the +6 chain mail of Beogh's Favour (worn) {Int+2 Dex+7}
   (You found it on level 7 of the Dungeon)

   Int+2:     It affects your intelligence (+2).
   Dex+7:     It affects your dexterity (+7).
 F - a +0 pair of boots (worn)
 G - a scarf of resistance
 J - a +1 pair of gloves (worn)
 K - a +2 hat of willpower (worn)
Wands
 q - a wand of acid (5)
 r - a wand of mindburst (20)
 s - a wand of warping (4)
 D - a wand of paralysis (11)
Scrolls
 h - 5 scrolls of amnesia
 i - 3 scrolls of revelation
 k - a scroll of torment
 l - 6 scrolls of teleportation
 w - 2 scrolls of fog
 x - 3 scrolls of enchant armour
 y - 4 scrolls of noise
 C - 2 scrolls of poison
 E - 2 scrolls of immolation
 I - a scroll of fear
 L - a scroll of butterflies
Potions
 e - 2 potions of enlightenment
 f - 6 potions of brilliance
 m - a potion of invisibility {unknown}
 o - a potion of berserk rage
 p - 3 potions of lignification
 t - 3 potions of heal wounds {unknown}
 u - 2 potions of haste {unknown}
 v - a potion of magic {unknown}
 z - a potion of mutation {unknown}
 A - 2 potions of might
 H - a potion of curing {unknown}


   Skills:
 + Level 3.8 Fighting
 + Level 16.3 Axes
 + Level 10.7 Armour
 - Level 2.1 Shields
 + Level 16.3 Evocations


You had 12 spell levels left.
You didn't know any spells.
Your spell library contained the following spells:

 Spells                   Type           Power      Damage    Failure   Level
 Shock                    Conj/Air       0%         1d3       87%         1
 Call Imp                 Summ           0%         N/A       95%         2
 Sublimation of Blood     Necr           0%         N/A       95%         2
 Swiftness                Air            0%         N/A       99%         3
 Airstrike                Air            0%         2d(0-16)  100%        4
 Summon Hydra             Summ           0%         N/A       100%        7


Dungeon Overview and Level Annotations

Branches:
Dungeon (12/15)            Temple (0/1) D:6            Lair (4/5) D:9
  Swamp (0/4) Lair:2       Spider (0/4) Lair:2          Orc (0/2) D:10
Ossuary (visited)
  Slime: Lair:4-5

Altars:
Makhleb
Trog
Vehumet
Yredelemnul
Zin
Jiyva

Shops:
D:10 *([   D:11 ?

Annotations:
D:10 1 runed translucent door
D:11 exclusion: orange crystal statue
Lair:1 3 runed translucent doors, Autsider's ghost, journeyman OnHW; Konar's ghost, journeyman CoHu; Oceus's ghost, journeyman KoHu; Xoff's ghost, journeyman GnCj
Lair:3 exclusion: oklob plant


Innate Abilities, Weirdness & Mutations

You can wield a second weapon in your off-hand.
It takes a long time for you to wield or remove held weapons.
Your first few attacks do less damage.
You cannot equip rings or amulets.


Message History

You are engulfed in blazing flames.
Unknown command.
You slash the fire crab with your +4 war axe!
The fire crab is moderately wounded.
You slash the fire crab with your +2 hand axe of flaming!
You are engulfed in blazing flames.
The fire crab barely misses you.
The fire crab claws you but does no damage.
Unknown command.
You hit the fire crab but do no damage.
The fire crab is moderately wounded.
You slash the fire crab with your +4 war axe!
You are engulfed in blazing flames.
The fire crab barely misses you. The fire crab claws you!
* * * LOW HITPOINT WARNING * * *
You are engulfed in flames!
* * * LOW HITPOINT WARNING * * *
You slash the fire crab with your +4 war axe!
The fire crab is almost dead.
You hit the fire crab with your +2 hand axe of flaming.
Unknown command.
Unknown command.
You hit the fire crab but do no damage.
The fire crab is almost dead.
You hit the fire crab with your +2 hand axe of flaming.
The fire crab bites you but does no damage.
The fire crab claws you but does no damage.
Unknown command.
Unknown command.
You hit the fire crab but do no damage.
The fire crab is almost dead.
You hit the fire crab with your +4 war axe.
The fire crab breathes flames at you.
The blast of flame engulfs you but does no damage.
Unknown command.
Unknown command.
Okay, then.
As you read the scroll of fear, it crumbles to dust.
You assume a fearsome visage.
The fire crab looks frightened!
You are engulfed in blazing flames.
You die...

#..........##.#....#
...#.......#.##......
.............†.......P
......................
.........†.†.......$..
.....................
..PP.........○.○.....
.......?....○○○......
...........○○@○......
............○t○......
....................#
..................###
.................#
..........P.....#
................#
..............##


You could see a fire crab (fleeing).

Vanquished Creatures
  Gastronok (Lair:2)
  3 hydras
  A boulder beetle (D:8)
  Urug (D:11)
  Sonja (Lair:2)
  A deep elf pyromancer (D:8)
  An ugly thing (D:12)
  2 cyclopes
  16 elephants
  3 black mambas
  A kobold demonologist (D:11)
  9 cane toads
  3 komodo dragons
  A rime drake (Lair:4)
  3 trolls
  A polar bear (Lair:2)
  A hornet (D:8)
  3 blink frogs (Lair:1)
  6 dream sheep (Lair:3)
  Grinder (D:3)
  A shadow (D:8)
  5 wyverns
  4 culicivoras (Lair:2)
  45 yaks
  4 basilisks
  3 steam dragons
  4 acid dragons
  9 water moccasins
  6 ice beasts
  6 orc warriors
  3 black bears
  3 sky beasts
  8 wolves
  3 ogres
  3 centaurs
  A kobold brigand (D:8)
  14 bullfrogs
  A gnoll sergeant (D:8)
  4 scorpions
  9 wights
  4 killer bees
  7 electric eels (D:7)
  9 howler monkeys
  2 bombardier beetles
  5 hounds
  Crazy Yiuf (D:3)
  5 orc priests
  A gnoll bouda (D:9)
  5 jellies
  2 spectral scorpions (Ossuary)
  Jessica (D:2)
  Natasha (D:3)
  5 centaur skeletons (Ossuary)
  7 hell rats (Lair:1)
  3 sleepcaps
  6 iguanas
  13 orc wizards
  A crocodile zombie (Ossuary)
  10 mummies
  12 gnolls
  7 adders
  A shadow imp (D:6)
  An ufetubus (D:6)
  2 ribbon worms (D:2)
  A dart slug (D:1)
  33 orcs
  8 ball pythons
  4 endoplasms
  6 giant cockroaches
  4 goblins
  7 hobgoblins
  3 quokkas
  5 bats
  12 frilled lizards
  A gnoll skeleton (Ossuary)
  2 hobgoblin zombies (D:7)
  11 kobolds
  2 orc skeletons (Ossuary)
  5 rats
  10 spectral rats (Ossuary)
420 creatures vanquished.

Notes
Turn   | Place    | Note
-------+----------+-------------------------------------------
     0 | D:1      | DEFE the Coglin Fighter began the quest for the Orb.
     0 | D:1      | Reached XP level 1. HP: 18/18 MP: 1/1
    74 | D:1      | Reached XP level 2. HP: 24/24 MP: 2/2
   699 | D:1      | Reached XP level 3. HP: 25/29 MP: 3/3
  1068 | D:2      | Identified the +1 long sword "Fats" {drain, rPois rC++ rN+
                  | MP+9}
  1085 | D:2      | Reached XP level 4. HP: 30/35 MP: 4/4
  1133 | D:2      | Noticed Jessica
  1142 | D:2      | Killed Jessica
  1385 | D:2      | Reached skill level 5 in Axes
  1385 | D:2      | Reached XP level 5. HP: 28/41 MP: 5/5
  1656 | D:3      | Found a radiant altar of Vehumet.
  1803 | D:3      | Noticed Grinder
  1810 | D:3      | Killed Grinder
  1811 | D:3      | Reached XP level 6. HP: 38/47 MP: 6/6
  1868 | D:3      | Found a basalt altar of Yredelemnul.
  2145 | D:3      | Found a runed translucent door.
  2146 | D:3      | Noticed Crazy Yiuf
  2376 | D:3      | Noticed Natasha
  2383 | D:3      | Killed Natasha
  2528 | D:3      | Found a glowing silver altar of Zin.
  2636 | D:3      | Killed Crazy Yiuf
  2637 | D:3      | Reached XP level 7. HP: 43/52 MP: 7/7
  2808 | D:4      | Found a bloodstained altar of Trog.
  3415 | D:4      | Became a worshipper of Trog the Wrathful
  3432 | D:5      | Entered Level 5 of the Dungeon
  3823 | D:5      | Reached XP level 8. HP: 31/58 MP: 8/8
  4500 | D:5      | Reached skill level 10 in Axes
  4503 | D:5      | Reached * piety under Trog
  4760 | D:5      | Reached skill level 1 in Evocations
  5025 | D:6      | Noticed a wyvern
  5033 | D:6      | Reached XP level 9. HP: 58/63 MP: 9/9
  5071 | D:6      | Reached skill level 5 in Evocations
  5342 | D:6      | Found a staircase to the Ecumenical Temple.
  6464 | D:7      | Found a sand-covered staircase.
  6471 | Ossuary  | Entered an ossuary
  6632 | Ossuary  | Reached ** piety under Trog
  6991 | D:7      | Identified the +6 chain mail of Beogh's Favour {Int+2
                  | Dex+7}
  7383 | D:7      | Reached XP level 10. HP: 45/70 MP: 10/10
  7999 | D:8      | Paralysed by a hornet for 3 turns
  8004 | D:8      | Paralysed by a hornet for 1 turns
  8229 | D:8      | Reached *** piety under Trog
  8447 | D:8      | Noticed a deep elf pyromancer
  8590 | D:8      | Reached skill level 10 in Evocations
  8656 | D:8      | Killed a deep elf pyromancer
  8657 | D:8      | Reached skill level 5 in Armour
  8657 | D:8      | Noticed a boulder beetle
  8677 | D:8      | Killed a boulder beetle
  8700 | D:8      | Reached XP level 11. HP: 20/75 MP: 11/11
 10157 | D:9      | Reached **** piety under Trog
 10258 | D:9      | Found a viscous altar of Jiyva.
 10494 | D:9      | Found a staircase to the Lair.
 10595 | D:9      | Identified the +6 rapier of Caecuph {flame, *Slow rPois rC+
                  | Dex+2}
 10687 | D:10     | Entered Level 10 of the Dungeon
 11031 | D:10     | Found Cemush's Assorted Antiques.
 11039 | D:10     | Bought 2 bubbling ruby potions for 46 gold pieces
 11039 | D:10     | Bought a scroll labelled UQAQOU GINNEAH for 26 gold pieces
 11039 | D:10     | Bought a pair of boots for 117 gold pieces
 11039 | D:10     | Bought a runed scarf for 208 gold pieces
 11245 | D:10     | Found a runed translucent door.
 11286 | D:10     | Found Vicloabb's Weapon Shop.
 11294 | D:10     | Found a staircase to the Orcish Mines.
 11300 | D:10     | Found Bycen's Armour Shop.
 11718 | D:10     | Found a burning altar of Makhleb.
 11718 | D:10     | Noticed a sixfirhy
 11742 | D:10     | Bought a +2 hand axe of flaming for 191 gold pieces
 11768 | D:11     | Noticed Urug
 11770 | D:11     | Killed Urug
 11964 | D:11     | Noticed a cyclops
 11975 | D:11     | Killed a cyclops
 12127 | D:11     | Noticed a sun demon
 12319 | D:11     | Found Cueggeiz's Magic Scroll Shoppe.
 12319 | D:11     | Noticed an orange crystal statue
 12742 | D:11     | Bought 2 scrolls of noise for 28 gold pieces
 12742 | D:11     | Bought a scroll of identify for 28 gold pieces
 12874 | D:12     | Noticed a cyclops
 12885 | D:12     | Killed a cyclops
 13380 | D:12     | Noticed a purple ugly thing
 13388 | D:12     | Killed a purple ugly thing
 13389 | D:12     | Reached XP level 12. HP: 64/81 MP: 12/12
 13772 | Lair:1   | Entered Level 1 of the Lair of Beasts
 13878 | Lair:1   | Found a runed translucent gate.
 13879 | Lair:1   | Found a runed translucent gate.
 13880 | Lair:1   | Found a runed translucent gate.
 13880 | Lair:1   | Noticed Xoff's ghost (journeyman GnCj)
 13881 | Lair:1   | Noticed Konar's ghost (journeyman CoHu)
 13882 | Lair:1   | Noticed Autsider's ghost (journeyman OnHW)
 13887 | Lair:1   | Noticed Oceus's ghost (journeyman KoHu)
 14099 | Lair:1   | Reached ***** piety under Trog
 14726 | Lair:2   | Found a staircase to the Swamp.
 14730 | Lair:2   | Noticed Sonja
 14731 | Lair:2   | Killed Sonja
 14808 | Lair:2   | Reached skill level 15 in Axes
 15120 | Lair:2   | Reached XP level 13. HP: 61/86 MP: 13/13
 15137 | Lair:2   | Received a gift from Trog
 15165 | Lair:2   | Reached skill level 15 in Evocations
 15358 | Lair:2   | Found a hole to the Spider Nest.
 16162 | Lair:2   | Noticed Gastronok
 16193 | Lair:2   | Killed Gastronok
 16194 | Lair:2   | Reached skill level 10 in Armour
 18077 | Lair:4   | Engulfed by a fire crab's flame

Illustrated notes

Levels and vault maps discovered:
D:1:      psy_arrival_spokes, layout_basic, roderic_lattice_a
D:2:      layout_loops_cross, uniq_jessica
D:3:      layout_basic, lemuel_coloured_pillars_altar,
          mainiacjoe_overflow_alcove_4, mainiacjoe_overflow_brackets,
          uniq_grinder, uniq_crazy_yiuf_cottage, uniq_natasha
D:4:      layout_basic, lemuel_crystal_altar, kennysheep_cross_bottleneck,
          moated_statue
D:5:      layout_cave_pods, minmay_lizard_king
D:6:      minmay_clustersquares, layout_basic, minmay_temple_entry_mist
D:7:      layout_loops_cross, nicolae_ossuary_entry_giza, serial_bayou,
          serial_bayou_shore_b, serial_bayou_lake_a, serial_bayou_pond_d,
          serial_bayou_pond_a, serial_bayou_pond_e, serial_bayou_pond_a,
          amcnicky_mini_pool_small, corner_web_ring
D:8:      cheibrodos_ideogram_h, layout_loops_corners
D:9:      layout_cave_pools, lair_entry_dummy, jiyva_altar_1
D:10:     layout_loops_cross, nzn_makhleb_speed_demon, orc_david_3,
          serial_shops, shop, minivault_27, minmay_misc_feat_hallway,
          hangedman_abyss_or_decor_stagger
D:11:     layout_irregular_city, serial_shops, shop_fountains,
          minmay_protected_statue, uniq_urug, uniq_psyche
D:12:     layout_roguey
Lair:1:   layout_regular_city, gammafunk_ghost_cemetery, beast_lair_carwin_4
Lair:2:   layout_chaotic_city, swamp_mist_pool, spider_nest_entry_funnel_web,
          cheibrodos_lair_reptile_den, grunt_megastairs_4, serial_bayou_shore_a,
          uniq_gastronok, uniq_sonja
Lair:3:   layout_loops_ring, st_stairs_4, minivault_27, lemuel_fruit_tree,
          infiniplex_staircase_pool_2, serial_bayou_shore_b
Lair:4:   layout_layer_cave, nicolae_slime_entry_field_trip

Skill      XL: |  1  2  3  4  5  6  7  8  9 10 11 12 13 |
---------------+----------------------------------------+-----
Axes           | 3 4 5 6 7 9 10 12 13 14 15 16 | 16.3
Evocations     | 3 8 10 12 14 16 | 16.3
Armour         | 5 7 9 10 | 10.7
Fighting       | |  3.8
Shields        | |  2.1

Action                     |  1- 3 |  4- 6 |  7- 9 | 10-12 | 13-15 || total
---------------------------+-------+-------+-------+-------+-------++-------
  Melee: War axe           |    94 |    61 |   239 |   446 |   272 ||  1112
         Hand axe          |    26 |    55 |   195 |   196 |   256 ||   728
         Morningstar       |       |       |    43 |   241 |       ||   284
 Invoke: Berserk           |       |       |       |     5 |       ||     5
         Trog's Hand       |       |       |       |     1 |       ||     1
  Evoke: Wand              |       |       |    11 |    21 |     7 ||    39
    Use: Potion            |       |     1 |     2 |       |       ||     3
         Scroll            |       |       |     8 |     6 |     2 ||    16
 Armour: Scale mail        |    55 |       |       |       |       ||    55
         Chain mail        |    22 |    53 |   205 |   394 |   244 ||   918
  Dodge: Dodged            |    37 |    19 |    86 |   152 |    86 ||   380
  Block: Buckler           |    28 |       |       |       |       ||    28

Table legend: (Time is in decaauts)
 A = Elapsed time spent in this place.
 B = Non-inter-level travel time spent in this place.
 C = Inter-level travel time spent in this place.
 D = Time resting spent in this place.
 E = Time spent auto-exploring this place.
 F = Levels seen in this place.
 G = Mean time per level.
                   A        B        C        D        E       F      G
               +--------+--------+--------+--------+--------+-----+--------+
         Total |  18025 |  17506 |    519 |   5088 |   9829 |  17 | 1060.3 |
       Dungeon |  13446 |  13027 |    419 |   3663 |   7586 |  12 | 1120.5 |
          Lair |   4198 |   4099 |     99 |   1402 |   2024 |   4 | 1049.5 |
       Ossuary |    380 |    380 |      0 |     22 |    218 |   1 |  380.0 |
               +--------+--------+--------+--------+--------+-----+--------+

Top non-repeatable levels by time:
     D:8: 2045 daAuts
  Lair:2: 1964 daAuts
     D:6: 1498 daAuts
     D:5: 1418 daAuts
     D:7: 1320 daAuts
  Lair:3: 1192 daAuts
    D:10: 1098 daAuts
     D:3: 1076 daAuts
    D:11: 1012 daAuts
    D:12: 954 daAuts
     D:1: 934 daAuts
  Lair:1: 782 daAuts
     D:2: 731 daAuts
     D:4: 730 daAuts
     D:9: 625 daAuts
